 Dungeon Crawl Stone Soup version 0.30.1-4-g462c640d31 (webtiles) character file.

Game seed: 11037947969145191655

23 growler the Gusty (level 2, -5/15 HPs)
             Began as a Tengu Air Elementalist on Aug 27, 2023.
             Killed from afar by Sigmund (12 damage)
             ... with a puff of flame
             ... on level 2 of the Dungeon.
             The game lasted 00:02:45 (1320 turns).

growler the Gusty (Tengu Air Elementalist)          Turns: 1320, Time: 00:02:46

Health: -5/15      AC:  3    Str:  8    XL:     2   Next: 95%
Magic:  3/6        EV: 12    Int: 15    God:
Gold:   76         SH:  0    Dex: 14    Spells: 2/5 levels left

rFire   . . .        (no weapon)
rCold   . . .        (no shield)
rNeg    . . .        a - +0 robe
rPois   .            (helmet restricted)
rElec   .            (no cloak)
rCorr   .            c - +0 pair of gloves
SInv    .            (boots unavailable)
Will    .....        (no amulet)
Stlth   ++           (no ring)
HPRegen 0.22/turn    (no ring)
MPRegen 0.10/turn

%: no passive effects
@: no status effects
A: beak, talons 3
a: no special abilities


You were on level 2 of the Dungeon.
You visited 1 branch of the dungeon, and saw 2 of its levels.

You collected 76 gold pieces.

Inventory:

Armour
 a - a +0 robe (worn)
 c - a +0 pair of gloves (worn)
Scrolls
 d - a scroll of summoning {unknown}
 e - a scroll of enchant armour {unknown}
 f - a scroll of amnesia {unknown}
Potions
 b - a potion of magic
 g - a potion of resistance {unknown}
 h - a potion of haste {unknown}
 i - a potion of mutation {unknown}
 j - a potion of might {unknown}


   Skills:
 - Level 2.1 Dodging
 - Level 2.0 Stealth
 + Level 2.4 Spellcasting
 + Level 2.4 Conjurations
 + Level 4.5 Air Magic


You had 2 spell levels left.
You knew the following spells:

 Your Spells              Type           Power      Damage    Failure   Level
a - Shock                 Conj/Air       48%        1d6       5%          1
b - Static Discharge      Conj/Air       24%        2-3/arc   8%          2

Your spell library contained the following spells:

 Spells                   Type           Power      Damage    Failure   Level
 Poisonous Vapours        Pois/Air       16%        N/A       13%         2
 Sting                    Tmut/Pois      4%         1d3       22%         1
 Swiftness                Air            15%        N/A       10%         3
 Airstrike                Air            7%         2d(2-18)  32%         4
 Olgreb's Toxic Radiance  Pois           1%         N/A       91%         4
 Simulacrum               Ice/Necr       0%         N/A       100%        6
 Ozocubu's Refrigeration  Ice            0%         4d7       100%        7
 Polar Vortex             Ice            0%         N/A       100%        9


Dungeon Overview and Level Annotations

Branches:
Dungeon (2/15)

Altars:

Annotations:
D:2 Sigmund


Innate Abilities, Weirdness & Mutations

You have a beak for a mouth.
You have claws for feet.


Message History

The bat completely misses you. The bat barely misses you.
The bat barely misses you. The bat completely misses you.
The bat attacks as you move away! The bat hits you but does no damage. x2
The bat closely misses you. The bat completely misses you.
Casting: Shock (safe; 5% risk of failure)
Confirm with . or Enter, or press ? or * to list all spells.
Aiming: Shock (safe; 5% risk of failure)
Press: ? - help, Shift-Dir - straight line, f - bat
Aim: a bat (52% to hit)
The zap hits the bat.
You kill the bat!
The zap hits the hobgoblin.
The hobgoblin is severely wounded.
The zap hits something.
Unknown command.
Casting: Shock (safe; 5% risk of failure)
Confirm with . or Enter, or press ? or * to list all spells.
Aiming: Shock (safe; 5% risk of failure)
Press: ? - help, Shift-Dir - straight line, f - hobgoblin
Aim: a hobgoblin (severely wounded, 68% to hit)
The zap misses the hobgoblin.
Casting: Shock (safe; 5% risk of failure)
Confirm with . or Enter, or press ? or * to list all spells.
Aiming: Shock (safe; 5% risk of failure)
Press: ? - help, Shift-Dir - straight line, f/p - hobgoblin
Aim: a hobgoblin (severely wounded, 68% to hit)
The zap hits the hobgoblin.
You kill the hobgoblin!
Unknown command.
Something tries to affect you, but you resist.
A magic dart appears from out of thin air!
The magic dart hits you!
Ouch! That really hurt!
A puff of flame appears from out of thin air!
The puff of flame hits you!
Ouch! That really hurt!
You die...

###..............#
#......#######...# ...####..#
#...# . ##.######...#
#..>..###### #####.#######
#.........# ########.........#
###########...@............#
###.......{...################
....########### .#### ##


There were no monsters in sight!

Vanquished Creatures
  An ufetubus (D:2)
  3 endoplasms
  3 hobgoblins
  4 kobolds (D:1)
  2 ball pythons
  2 bats
  2 rats
17 creatures vanquished.

Notes
Turn   | Place    | Note
-------+----------+-------------------------------------------
     0 | D:1      | growler the Tengu Air Elementalist began the quest for the
                  | Orb.
     0 | D:1      | Reached XP level 1. HP: 10/10 MP: 4/4
   260 | D:1      | Reached XP level 2. HP: 15/15 MP: 4/6
   263 | D:1      | Learned a level 2 spell: Static Discharge
  1278 | D:2      | Noticed Sigmund
  1320 | D:2      | Killed from afar by Sigmund

Illustrated notes

Levels and vault maps discovered:
D:1:      saegor_arrival_simple_d, layout_basic
D:2:      layout_rooms, uniq_sigmund

Skill      XL: |  1  2 |
---------------+-------+-----
Conjurations   | 2 |  2.4
Dodging        | |  2.1
Stealth        | |  2.0
Spellcasting   | |  2.4
Air Magic      | |  4.5

Action                     || total
---------------------------++-------
  Melee: Unarmed           ||     2
         Kick              ||     2
   Cast: Shock             ||    35
 Armour: Robe              ||     7
  Dodge: Dodged            ||    32
